 Dungeon Crawl Stone Soup version 0.18.1-2-ga659475 (webtiles) character file.

812 CosmicAfro the Basher (level 7, -2/57 HPs)
             Began as a Minotaur Fighter on May 7, 2016.
             Slain by a phantom (8 damage)
             ... on level 4 of the Dungeon.
             The game lasted 00:05:28 (2473 turns).

CosmicAfro the Basher (Minotaur Fighter)            Turns: 2473, Time: 00:05:29

Health: -2/57      AC:  9    Str: 25    XL:     7   Next: 61%
Magic:  6/6        EV:  7    Int:  5    God:
Gold:   182        SH: 10    Dex: 12    Spells: 0 memorised, 6 levels left

rFire  . . .     SeeInvis .     a - +0 flail
rCold  . . .     Gourm    .     b - +0 scale mail
rNeg   . . .     Faith    .     c - +0 shield
rPois  .         Spirit   .     (helmet restricted)
rElec  .         Dismiss  .     (no cloak)
rCorr  .         Reflect  .     g - +0 pair of gloves
SustAt .         Harm     .     e - +0 pair of boots
MR     .....                    (no amulet)
Stlth  ..........               (no ring)
                                (no ring)

@: mighty, not resistant to hostile enchantments, extremely unstealthy
A: retaliatory headbutt, horns 2
a: no special abilities


You were on level 4 of the Dungeon.
You were not hungry.

You visited 1 branch of the dungeon, and saw 4 of its levels.

You collected 210 gold pieces.
You spent 28 gold pieces at shops.

Inventory:

Hand Weapons
 a - a +0 flail (weapon)
Armour
 b - a +0 scale mail (worn)
 c - a +0 shield (worn)
 e - a +0 pair of boots (worn)
 g - a +0 pair of gloves (worn)
 n - a +0 chain mail
Jewellery
 o - an uncursed amulet of guardian spirit {unknown}
Wands
 t - a wand of iceblast (8/15)
Scrolls
 i - 3 scrolls of enchant weapon {unknown}
 j - a scroll of enchant armour {unknown}
 l - 4 scrolls of identify
 m - a scroll of amnesia {unknown}
 p - a scroll of fear {unknown}
 r - a scroll of remove curse {unknown}
 x - a scroll of teleportation {unknown}
Potions
 h - a potion of berserk rage {unknown}
 k - 3 potions of curing {unknown}
 q - a potion of mutation {unknown}
 u - a potion of agility {unknown}
 v - a potion of haste {unknown}
 w - a potion of degeneration {unknown}
Comestibles
 f - 2 bread rations
 s - 2 meat rations
 z - 5 chunks of flesh


   Skills:
 - Level 3.6 Fighting
 + Level 10.4 Maces & Flails
 - Level 3.6 Armour
 - Level 3.6 Shields


You had 6 spell levels left.
You didn't know any spells.

Dungeon Overview and Level Annotations

Branches:
Dungeon (4/15)
 Temple: D:4-7

Altars:
Gozag

Shops:
D:4 (*


Innate Abilities, Weirdness & Mutations

You reflexively headbutt those who attack you in melee.
You have a pair of horns on your head.


Message History

* * * LOW HITPOINT WARNING * * *
The slave hits you.
* * * LOW HITPOINT WARNING * * *
You thump Pikel! You headbutt Pikel.
You kill Pikel!
Your Maces & Flails skill gained 2 levels and is now at level 10!
You have reached level 7!
With Pikel's spell broken, the former slaves thank you for their freedom.
The freed slave hits the phantom!
The phantom hits the freed slave.
You swap places.
The freed slave closely misses the phantom.
The phantom hits the freed slave.
The phantom blinks!
Things that are here:
a hand axe; a robe The phantom hits you.
* * * LOW HITPOINT WARNING * * *
You barely miss the phantom. You headbutt the phantom!
The phantom is heavily damaged.
The phantom hits you!
You die...

##.#..##.# #..##.#
#.###.# #+# #.###.#
#!# #.....# #.#
#.##### ##.## #.#
##..W## #.#
#..)@p#########.#
##.p.........##.#
......p.#.##........#
#..###.ยง#p##.###.####
# .........# #.#
###.$#.#### #.# #..#.#
#.# #..#.# #.# ...#..
..#


You could see a phantom and 4 neutral freed slaves.

Vanquished Creatures
  Pikel (D:4)
  An ogre (D:4)
  Blork the orc (D:4)
  An orc priest (D:3)
  Natasha (D:4)
  8 adders
  3 oozes
  A worm (D:2)
  A dart slug (D:2)
  2 giant geckos
  2 orcs (D:3)
  3 ball pythons
  9 bats
  2 giant cockroaches
  5 goblins
  8 hobgoblins
  A quokka (D:2)
  5 giant newts
  8 kobolds
  11 rats
74 creatures vanquished.

Notes
Turn   | Place    | Note
--------------------------------------------------------------
     0 | D:1      | CosmicAfro the Minotaur Fighter began the quest for the Orb.
     0 | D:1      | Reached XP level 1. HP: 19/19 MP: 0/0
   165 | D:1      | Reached skill level 3 in Maces & Flails
   222 | D:1      | Reached XP level 2. HP: 26/26 MP: 1/1
   469 | D:1      | Reached skill level 4 in Maces & Flails
   517 | D:1      | Reached XP level 3. HP: 31/31 MP: 2/2
  1067 | D:2      | Reached skill level 5 in Maces & Flails
  1143 | D:2      | Reached XP level 4. HP: 34/39 MP: 3/3
  1445 | D:3      | Reached skill level 6 in Maces & Flails
  1508 | D:3      | Reached XP level 5. HP: 36/45 MP: 4/4
  1811 | D:3      | Found an opulent altar of Gozag.
  2165 | D:4      | Found Soublal's Weapon Shop.
  2180 | D:4      | Found Vydemop's General Store.
  2185 | D:4      | Bought a scroll of identify for 28 gold pieces
  2254 | D:4      | Noticed an ogre
  2260 | D:4      | Killed an ogre
  2260 | D:4      | Reached skill level 7 in Maces & Flails
  2318 | D:4      | Noticed Natasha
  2328 | D:4      | Killed Natasha
  2328 | D:4      | Reached XP level 6. HP: 32/51 MP: 5/5
  2451 | D:4      | Noticed a slave
  2452 | D:4      | Noticed Pikel
  2453 | D:4      | Noticed Blork the orc
  2455 | D:4      | Noticed a slave
  2457 | D:4      | Noticed a slave
  2457 | D:4      | Noticed a slave
  2461 | D:4      | Killed Blork the orc
  2461 | D:4      | Reached skill level 8 in Maces & Flails
  2470 | D:4      | Killed Pikel
  2470 | D:4      | Reached skill level 10 in Maces & Flails
  2470 | D:4      | Reached XP level 7. HP: 9/57 MP: 6/6
  2473 | D:4      | Slain by a phantom

Skill      XL: |  1  2  3  4  5  6 |
---------------+-------------------+-----
Maces & Flails | 3 4 5 6 7 10 | 10.4
Fighting       | |  3.6
Armour         | |  3.6
Shields        | |  3.6

Action                   |  1- 3 |  4- 6 |  7- 9 || total
-------------------------+-------+-------+-------++-------
Melee: Flail             |    88 |   110 |     1 ||   199
       Headbutt          |     9 |    18 |     1 ||    28
  Use: Potion            |       |     1 |       ||     1
  Eat: Chunk             |     1 |     4 |       ||     5
Armor: Scale mail        |    40 |    52 |       ||    92
Dodge: Dodged            |    31 |    28 |       ||    59
Block: Shield            |    30 |    66 |       ||    96
